 Dungeon Crawl Stone Soup version 0.26.1-2-gb8aa6d0cf2 (webtiles) character file.

Game seed: 11803380566441234484

100 Descartes the Magician (level 4, -1/25 HPs)
             Began as a Deep Elf Wanderer on Mar 9, 2021.
             Slain by Terence
             ... wielding a +2 flail of holy wrath
              (5 damage)
             ... on level 2 of the Dungeon.
             The game lasted 00:04:35 (3176 turns).

Descartes the Magician (Deep Elf Wanderer)          Turns: 3176, Time: 00:04:37

Health: -1/25      AC:  2    Str:  9    XL:     4   Next: 46%
Magic:  6/13       EV: 11    Int: 17    God:
Gold:   163        SH:  0    Dex: 15    Spells: 12/13 levels left

rFire    . . .     SeeInvis .   a - +0 mace
rCold    . . .     Faith    .   (no shield)
rNeg     . . .     Spirit   .   d - +0 robe
rPois    .         Reflect  .   (no helmet)
rElec    .         Harm     .   (no cloak)
rCorr    .         Rampage  .   (no gloves)
Will     +....                  (no boots)
Stlth    +.........             (no amulet)
HPRegen  0.08/turn              l - ring of willpower
MPRegen  0.13/turn              (no ring)

@: flying
A: no striking features
a: no special abilities


You were on level 2 of the Dungeon.
You visited 1 branch of the dungeon, and saw 3 of its levels.

You collected 163 gold pieces.

Inventory:

Hand Weapons
 a - a +0 mace (weapon)
Missiles
 b - 37 stones
 i - 27 arrows
 n - 32 sling bullets
 p - 21 bolts
 q - 9 poisoned darts
Armour
 d - a +0 robe (worn)
Jewellery
 l - a ring of willpower (left hand)
Scrolls
 c - a scroll of teleportation
 e - a scroll of noise {unknown}
 f - a scroll of blinking {unknown}
 g - a scroll of amnesia {unknown}
 h - 3 scrolls of fog {unknown}
 j - 2 scrolls of identify {unknown}
Potions
 k - a potion of berserk rage {unknown}
 m - a potion of lignification
 r - a potion of attraction


   Skills:
 - Level 1.0 Fighting
 - Level 4.0 Bows
 - Level 1.0 Throwing
 - Level 1.0 Armour
 - Level 1.0 Shields
 - Level 5.0 Spellcasting
 + Level 3.2 Conjurations
 - Level 1.3 Hexes


You had 12 spell levels left.
You knew the following spells:

 Your Spells              Type           Power        Failure   Level
a - Magic Dart            Conj           60%          3%          1

Your spell library contained the following spells:

 Spells                   Type           Power        Failure   Level
 Slow                     Hex            8%           12%         2
 Blink                    Tloc           N/A          22%         2
 Call Imp                 Summ           4%           22%         2
 Conjure Flame            Conj/Fire      9%           22%         3
 Mephitic Cloud           Conj/Pois/Air  7%           28%         3


Dungeon Overview and Level Annotations

Branches:
Dungeon (3/15)

Altars:

Annotations:
D:2 Terence


Message History

Confirm with . or Enter, or press ? or * to list all spells.
Aiming: Magic Dart (safe; 3% risk of failure)
Press: ? - help, Shift-Dir - straight line, f/p - Terence
Aim: Terence, wielding a +2 flail of holy wrath and wearing a +0 scale mail (lightly wounded, 0% to evade)
The magic dart hits Terence but does no damage.
Terence is lightly wounded.
Terence hits you with a +2 flail of holy wrath!
* * * LOW HITPOINT WARNING * * *
It was a potion of flight.
You feel very buoyant.
You fly up into the air.
Terence barely misses you.
Casting: Magic Dart (safe; 3% risk of failure)
Confirm with . or Enter, or press ? or * to list all spells.
Aiming: Magic Dart (safe; 3% risk of failure)
Press: ? - help, Shift-Dir - straight line, f/p - Terence
Aim: Terence, wielding a +2 flail of holy wrath and wearing a +0 scale mail (lightly wounded, 0% to evade)
The magic dart hits Terence.
Terence is moderately wounded.
Terence hits you with a +2 flail of holy wrath.
You die...

...##.#.#.#
...##.#.#.#
...##.#.#.#
...##.#.#.#######
...##.#.#.......#
...##.#.#######.#
...##.#.........#
..###.############
...............@@#
..################
..##############
..#....†.......#
..#............#
..#............#
..#............#
..#............#
###............#


You could see Terence.

Vanquished Creatures
  Natasha (D:3)
  3 adders (D:2)
  A worm (D:2)
  A leopard gecko (D:2)
  2 giant cockroaches (D:2)
  8 goblins
  9 hobgoblins
  2 jackals (D:2)
  6 bats
  5 frilled lizards
  3 kobolds
  5 rats
46 creatures vanquished.

Notes
Turn   | Place    | Note
-------+----------+-------------------------------------------
     0 | D:1      | Descartes the Deep Elf Wanderer began the quest for the
                  | Orb.
     0 | D:1      | Descartes set off with the following items: a +0 mace, a
                  | scroll of teleportation, a +0 robe; and the following spell
                  | memorised: Magic Dart; and the following spells available
                  | to memorise: Slow, Blink, Call Imp, Conjure Flame, Mephitic
                  | Cloud
     0 | D:1      | Reached XP level 1. HP: 12/12 MP: 6/6
   203 | D:1      | Reached skill level 1 in Conjurations
   420 | D:1      | Reached XP level 2. HP: 16/16 MP: 6/8
  1389 | D:2      | Reached skill level 4 in Spellcasting
  1460 | D:2      | Reached XP level 3. HP: 7/20 MP: 1/10
  2188 | D:2      | Reached XP level 4. HP: 12/25 MP: 0/12
  2901 | D:3      | Noticed Natasha
  2909 | D:3      | Killed Natasha
  2910 | D:3      | Reached skill level 5 in Spellcasting
  3161 | D:3      | Noticed Terence
  3176 | D:2      | Slain by Terence

Illustrated notes

Levels and vault maps discovered:
D:1:      dpeg_arrival_pond, layout_basic
D:2:      layout_basic
D:3:      layout_loops_ring, uniq_crazy_yiuf_cottage, uniq_natasha, uniq_terence

Skill      XL: |  1  2  3  4 |
---------------+-------------+-----
Conjurations   | 1 2 3 |  3.2
Spellcasting   | 4 5 |  5.0
Fighting       | |  1.0
Bows           | |  4.0
Throwing       | |  1.0
Armour         | |  1.0
Shields        | |  1.0
Hexes          | |  1.3

Action                   |  1- 3 |  4- 6 || total
-------------------------+-------+-------++-------
Melee: Mace              |    20 |       ||    20
 Cast: Magic Dart        |   105 |    32 ||   137
  Use: Potion            |     4 |     1 ||     5
Armor: Robe              |     2 |       ||     2
Dodge: Dodged            |    25 |     4 ||    29
